 Dungeon Crawl Stone Soup version 0.26-a0-540-g8a0c9464d7 (webtiles) character file.

Game seed: 4331035133862960301

6 vurker the Chopper (level 1, -5/20 HPs)
             Began as a Minotaur Monk on Aug 18, 2020.
             Slain by a gnoll
             ... wielding a +0 flail
              (13 damage)
             ... on level 1 of the Dungeon.
             The game lasted 00:00:13 (207 turns).

vurker the Chopper (Minotaur Monk)                   Turns: 207, Time: 00:00:14

Health: -5/20      AC:  2    Str: 15    XL:     1   Next: 75%
Magic:  0/0        EV: 13    Int:  7    God:
Gold:   18         SH:  0    Dex: 12    Spells: 0/0 levels left

rFire    . . .     SeeInvis .   a - +0 hand axe
rCold    . . .     Faith    .   (no shield)
rNeg     . . .     Spirit   .   b - +0 robe
rPois    .         Reflect  .   (helmet restricted)
rElec    .         Harm     .   (no cloak)
rCorr    .                      (no gloves)
MR       .....                  (no boots)
Stlth    ++........             (no amulet)
HPRegen  0.06/turn              (no ring)
MPRegen  0.07/turn              (no ring)

@: no status effects
A: retaliatory headbutt, horns 2
a: no special abilities


You were on level 1 of the Dungeon.
You visited 1 branch of the dungeon, and saw 1 of its levels.

You collected 18 gold pieces.

Inventory:

Hand Weapons
 a - a +0 hand axe (weapon)
Armour
 b - a +0 robe (worn)


   Skills:
 + Level 3.8 Fighting
 * Level 4.0 Axes
 - Level 3.2 Dodging
 - Level 1.5 Stealth


You couldn't memorise any spells.
You didn't know any spells.
Your spell library was empty.

Dungeon Overview and Level Annotations

Branches:
Dungeon (1/15)

Altars:


Innate Abilities, Weirdness & Mutations

You reflexively headbutt those who attack you in melee.
You have a pair of horns on your head.


Message History

A hobgoblin is nearby!
A hobgoblin is nearby!
Found a short sword.
You barely miss the hobgoblin. You headbutt the hobgoblin.
The hobgoblin closely misses you.
You completely miss the hobgoblin. The hobgoblin barely misses you.
An ooze comes into view.
The ooze quivers.
You hit the hobgoblin but do no damage. The hobgoblin hits you with a +0 club.
You closely miss the hobgoblin. Your headbutt misses the hobgoblin.
The hobgoblin closely misses you.
You closely miss the hobgoblin. The hobgoblin hits you with a +0 club.
You closely miss the hobgoblin. Your headbutt misses the hobgoblin.
The hobgoblin hits you with a +0 club.
You closely miss the hobgoblin.
You headbutt the hobgoblin, but do no damage.
The hobgoblin misses you.
You hit the hobgoblin. The hobgoblin hits you with a +0 club.
You hit the hobgoblin but do no damage. The hobgoblin closely misses you.
You closely miss the hobgoblin. The hobgoblin misses you.
You furiously retaliate!
You headbutt the hobgoblin.
You kill the hobgoblin!
The ooze completely misses you.
You see here a +0 club.
You hit the ooze but do no damage. The ooze hits you.
* * * LOW HITPOINT WARNING * * *
You hit the ooze. The ooze closely misses you.
You hit the ooze. The ooze misses you. You furiously retaliate!
You headbutt the ooze, but do no damage.
You hit the ooze.
You kill the ooze!
Your Axes skill increases to level 4!
You enter the shallow water.
Moving in this stuff is going to be slow.
You enter the shallow water.
Moving in this stuff is going to be slow.
You enter the shallow water.
Moving in this stuff is going to be slow.
Found 27 stones.
Found an escape hatch in the floor.
A gnoll comes into view. It is wielding a +0 flail.
The gnoll shouts!
You hear a shout!
Found 18 gold pieces and a glowing silvery potion.
You barely miss the gnoll. Your headbutt misses the gnoll.
The gnoll hits you with a +0 flail!
Ouch! That really hurt!
* * * LOW HITPOINT WARNING * * *
You completely miss the gnoll. The gnoll hits you with a +0 flail!
Ouch! That really hurt!
You die...

♣≈P♣♣###.....#
♣≈≈♣ #.....#
♣♣♣♣♣≈≈♣♣♣♣♣.....#
≈.≈♣≈≈≈PPPP≈.....#
..≈.≈≈≈≈≈≈≈......#
≈♣P♣≈.≈P♣♣P≈.....#
♣♣♣♣♣≈♣♣♣♣♣♣.....#
P ♣ ♣≈♣
#.....###.P.. #
≈.♣ ###..@.......
# P.♣ #..g.>#....
# .. #........#..
# #.........$. #
#.........## #
.#........# #
..#..!..#.... # ..
#.....##.#. #


You could see a gnoll.

Vanquished Creatures
  An ooze (D:1)
  A hobgoblin (D:1)
2 creatures vanquished.

Notes
Turn   | Place    | Note
-------+----------+-------------------------------------------
     0 | D:1      | vurker the Minotaur Monk began the quest for the Orb.
     0 | D:1      | Reached XP level 1. HP: 19/19 MP: 0/0
    22 | D:1      | Reached skill level 4 in Axes
   207 | D:1      | Slain by a gnoll

Illustrated notes

Levels and vault maps discovered:
D:1:      minmay_arrival_up_and_down, layout_rooms, serial_bayou,
          serial_bayou_shore_b, serial_bayou_crossing, serial_bayou_shore_b,
          serial_bayou_pond_d, serial_bayou_pond_a, minmay_misc_feat_square,
          kennysheep_doodads, kennysheep_decorative_pillar,
          nicolae_ashenzari_panopticon

Skill      XL: |  1 |
---------------+----+-----
Axes           | 4 |  4.0
Fighting       | |  3.8
Dodging        | |  3.2
Stealth        | |  1.5

Action                   || total
-------------------------++-------
Melee: Hand axe          ||    16
       Headbutt          ||     2
Dodge: Dodged            ||     9

Table legend: (Time is in decaauts)
 A = Elapsed time spent in this place.
 B = Non-inter-level travel time spent in this place.
 C = Inter-level travel time spent in this place.
 D = Time resting spent in this place.
 E = Time spent auto-exploring this place.
 F = Levels seen in this place.
 G = Mean time per level.
                   A        B        C        D        E       F      G
               +--------+--------+--------+--------+--------+-----+--------+
         Total |    213 |    213 |      0 |      0 |    187 |   1 |  213.0 |
       Dungeon |    213 |    213 |      0 |      0 |    187 |   1 |  213.0 |
               +--------+--------+--------+--------+--------+-----+--------+

Top non-repeatable levels by time:
     D:1: 213 daAuts
